 Dungeon Crawl Stone Soup version 0.22-a0-322-g60b3cfd (webtiles) character file.

44 xccam the Chopper (level 3, 0/29 HPs)
             Began as a Formicid Fighter on Apr 2, 2018.
             Was an Initiate of Cheibriados.
             Slain by a worker ant (4 damage)
             ... on level 3 of the Dungeon.
             The game lasted 00:01:38 (969 turns).

xccam the Chopper (Formicid Fighter)                 Turns: 969, Time: 00:01:41

Health: 0/29       AC:  6    Str: 22    XL:     3   Next: 87%
Magic:  3/3        EV:  8    Int: 10    God:    Cheibriados [......]
Gold:   94         SH:  9    Dex: 11    Spells: 2/2 levels left

rFire    . . .     SeeInvis +   a - +0 war axe
rCold    . . .     Gourm    .   c - +0 shield
rNeg     . . .     Faith    .   b - +0 scale mail
rPois    .         Spirit   .   (helmet unavailable)
rElec    .         Reflect  .   (no cloak)
rCorr    .         Harm     .   (no gloves)
MR       .....                  (no boots)
Stlth    ..........             (no amulet)
HPRegen  0.09/turn              j - +2 ring of intelligence
MPRegen  0.08/turn              (no ring)

@: lethally poisoned (0 -> -9), very slow
A: permanent stasis, dig shafts and tunnels, four strong arms, antennae 3
a: Dig, Shaft Self, Bend Time, Renounce Religion


You were on level 3 of the Dungeon.
You worshipped Cheibriados.
Cheibriados was noncommittal.
You were not hungry.

You visited 1 branch of the dungeon, and saw 3 of its levels.

You collected 94 gold pieces.

Inventory:

Hand Weapons
 a - a +0 war axe (weapon)
Armour
 b - a +0 scale mail (worn)
 c - a +0 shield (worn)
Jewellery
 j - a +2 ring of intelligence (left hand)
 k - an uncursed ring of wizardry {unknown}
 l - an uncursed ring of protection from magic {unknown}
Scrolls
 e - a scroll of magic mapping {unknown}
 g - a scroll of enchant armour {unknown}
 h - 2 scrolls of amnesia {unknown}
 m - a scroll of fog {unknown}
 n - 2 scrolls of remove curse {unknown}
 p - a scroll of identify {unknown}
 r - a scroll of blinking {unknown}
Potions
 d - 2 potions of might
 i - 3 potions of magic {unknown}
 o - 2 potions of curing {unknown}
Comestibles
 f - 3 rations
 q - a chunk of flesh


   Skills:
 - Level 3.2 Fighting
 + Level 3.9 Axes
 - Level 3.2 Armour
 - Level 3.6 Shields


You had 2 spell levels left.
You didn't know any spells.

Dungeon Overview and Level Annotations

Branches:
Dungeon (2/15)

Altars:
Ashenzari
Cheibriados
Elyvilon
Fedhas
Hepliaklqana
Kikubaaqudgha
Qazlal
Trog
Vehumet
Wu Jian
Yredelemnul
Zin
The Shining One


Innate Abilities, Weirdness & Mutations

You cannot be hasted, slowed, berserked, paralysed or teleported.
You can dig through walls and to a lower floor.
Your four strong arms can wield two-handed weapons with a shield.
You have a pair of large antennae on your head. (SInv)


Message History

You are too injured to fight recklessly!
You are too injured to fight recklessly!
You are too injured to fight recklessly!
You are too injured to fight recklessly!
You hit the worker ant but do no damage.
The worker ant bites you but does no damage.
The worker ant barely misses you.
You closely miss the worker ant.
You feel sick. You block the worker ant's attack.
The worker ant bites you but does no damage.
You slash the worker ant!
The worker ant is almost dead.
You block the worker ant's attack.
Your shield and scale mail prevent you from hitting the worker ant.
The worker ant is almost dead.
The worker ant bites you.
* * * LOW HITPOINT WARNING * * *
You are lethally poisoned!
The worker ant poisons you! The worker ant bites you.
You die...

#####.# #.#
#.....# #.#
#.....#####'##
#.....#......#
#.....#......#
.......#......#
#...#########'##
#... ......##.#
#... .......@.#
.......a.#
####.....#
#...#.# #...#.#
#...#.# #...#.#
.... .#


You could see a worker ant.

Vanquished Creatures
  An adder (D:2)
  2 dart slugs
  3 leopard geckos
  5 goblins
  4 hobgoblins (D:1)
  A ball python (D:1)
  5 bats
  3 frilled lizards (D:1)
  2 kobolds
  3 rats
29 creatures vanquished.

Notes
Turn   | Place    | Note
-------+----------+-------------------------------------------
     0 | D:1      | xccam the Formicid Fighter began the quest for the Orb.
     0 | D:1      | Reached XP level 1. HP: 18/18 MP: 1/1
   147 | D:1      | Reached XP level 2. HP: 16/24 MP: 2/2
   293 | D:1      | Reached XP level 3. HP: 29/29 MP: 3/3
   896 | D:2      | Found an ornate altar of the Wu Jian Council.
   906 | D:2      | Found a glowing golden altar of the Shining One.
   909 | D:2      | Found a basalt altar of Yredelemnul.
   910 | D:2      | Found a stormy altar of Qazlal.
   911 | D:2      | Found a blossoming altar of Fedhas.
   911 | D:2      | Found a glowing silver altar of Zin.
   911 | D:2      | Found a hazy altar of Hepliaklqana.
   911 | D:2      | Found a radiant altar of Vehumet.
   912 | D:2      | Found a bloodstained altar of Trog.
   913 | D:2      | Found a shattered altar of Ashenzari.
   914 | D:2      | Found an ancient bone altar of Kikubaaqudgha.
   915 | D:2      | Found a white marble altar of Elyvilon.
   917 | D:2      | Found a snail-covered altar of Cheibriados.
   920 | D:2      | Became a worshipper of Cheibriados the Contemplative
   937 | D:2      | You fall through a shaft!
   969 | D:3      | Slain by a worker ant

Vault maps used:
D:1:      minmay_arrival_four_houses
D:2:      minitemple, eino_curves_02, uniq_crazy_yiuf_cottage
D:3:      first_ration, minmay_misc_feat_alley

Skill      XL: |  1  2 |
---------------+-------+-----
Axes           | 3 |  3.9
Fighting       | |  3.2
Armour         | |  3.2
Shields        | |  3.6

Action                   || total
-------------------------++-------
Melee: War axe           ||    97
Armor: Scale mail        ||    32
Dodge: Dodged            ||    31
Block: Shield            ||    42

Table legend:
 A = Spawn XP
 B = Non-spawn XP
 C = Spawn XP percentage of total XP
 D = Spawn monster count
 E = Non-spawn monster count
 F = Spawn count percentage of total count
 G = Total turns spent on level
                    A         B        C        D         E        F      G
               +---------+---------+-------+---------+---------+-------+---------
         Total |       0 |      64 |   0.0 |       0 |      29 |   0.0 |   969
               +---------+---------+-------+---------+---------+-------+---------
           D:1 |       0 |      35 |   0.0 |       0 |      20 |   0.0 |   693
           D:2 |       0 |      29 |   0.0 |       0 |       9 |   0.0 |   244
               +---------+---------+-------+---------+---------+-------+---------
